 Dungeon Crawl Stone Soup version 0.31-a0-1301-g7e11add784 (webtiles) character file.

Game seed: 10428409564931492900

5275 Bnni the Geomancer (level 10, 0/77 HPs)
             Began as a Formicid Earth Elementalist on Dec 19, 2023.
             Was a Priest of Cheibriados.
             Killed from afar by an electric eel (14 damage)
             ... with a bolt of electricity
             ... in a bailey.
             The game lasted 00:27:21 (9840 turns).

Bnni the Geomancer (Formicid Earth Elementalist)    Turns: 9840, Time: 00:27:22

Health: 0/77       AC:  2    Str: 20    XL:     10   Next: 94%
Magic:  18/19      EV: 12    Int: 28    God:    Cheibriados [***...]
Gold:   583        SH:  0    Dex: 22    Spells: 3/22 levels left

rFire   + . .        q - +2 dagger (venom)
rCold   . . .        (no shield)
rNeg    . . .        a - +0 robe
rPois   +            (helmet unavailable)
rElec   .            (no cloak)
rCorr   .            (no gloves)
SInv    +            (no boots)
Will    +....        (no amulet)
Stlth   +++          i - ring of poison resistance
HPRegen 0.32/turn    s - ring of protection from fire
MPRegen 0.16/turn

%: no passive effects
@: very slow
A: permanent stasis, dig shafts and tunnels, antennae 3, four strong arms
a: Dig, Renounce Religion, Bend Time, Temporal Distortion


You were in a bailey.
You worshipped Cheibriados.
Cheibriados was most pleased with you.
You visited 2 branches of the dungeon, and saw 9 of its levels.
You also visited: Bailey.

You collected 583 gold pieces.

Inventory:

Hand Weapons
 q - a +2 dagger of venom (weapon)
 v - a +0 vampiric spear
Missiles
 l - 3 throwing nets
 z - a curare-tipped dart
Armour
 a - a +0 robe (worn)
 f - a +0 plate armour
 h - the +7 chain mail of Ru's Approval {*Corrode +Blink rF++ Dex+3}
   (You found it on level 2 of the Dungeon)

   Dex+3:     It affects your dexterity (+3).
   rF++:      It greatly protects you from fire.
   +Blink:    It lets you blink.
   *Corrode:  It may corrode you when you take damage.
 r - a +0 chain mail
Magical Staves
 E - a staff of earth
Jewellery
 i - a ring of poison resistance (left hand)
 s - a ring of protection from fire (right hand)
 w - a ring of protection from cold
Wands
 t - a wand of iceblast (10)
 A - a wand of flame (23)
Scrolls
 c - 2 scrolls of vulnerability {unknown}
 d - 4 scrolls of butterflies {unknown}
 e - a scroll of noise {unknown}
 j - 3 scrolls of fog {unknown}
 p - 3 scrolls of revelation {unknown}
 u - a scroll of poison {unknown}
 x - a scroll of amnesia
 y - a scroll of enchant weapon {unknown}
Potions
 b - a potion of magic
 g - 2 potions of ambrosia
 k - 2 potions of might
 m - a potion of enlightenment
 B - a potion of mutation
 C - a potion of lignification {unknown}
 D - a potion of brilliance {unknown}


   Skills:
 + Level 6.7 Fighting
 + Level 2.2 Armour
 - Level 1.7 Dodging
 - Level 2.4 Stealth
 + Level 6.6 Spellcasting
 - Level 3.0 Conjurations
 * Level 6.7 Necromancy
 - Level 2.0 Transmutations
 * Level 11.1 Earth Magic
 + Level 4.6 Invocations


You had 3 spell levels left.
You knew the following spells:

 Your Spells              Type           Power      Damage    Failure   Level
a - Sandblast             Erth           100%       2d20      1%          1
b - Passwall              Tmut/Erth      38%        N/A       1%          2
c - Stone Arrow           Conj/Erth      96%        3d13      1%          3
d - Brom's Barrelling Bo  Conj/Erth      48%        2d7       3%          4
e - Petrify               Tmut/Erth      46%        N/A       3%          4
h - Borgnjor's Vile Clut  Necr/Erth      28%        N/A       4%          5

Your spell library contained the following spells:

 Spells                   Type           Power      Damage    Failure   Level
 Lesser Beckoning         Tloc           18%        N/A       9%          2
 Hailstorm                Conj/Ice       17%        3d6       10%         3
 Ignite Poison            Fire/Tmut/Pois 12%        N/A       13%         3
 Gell's Gravitas          Tloc           9%         N/A       17%         3
 Teleport Other           Tloc           9%         N/A       17%         3
 Animate Dead             Necr           46%        N/A       3%          4
 Death Channel            Necr           23%        N/A       50%         6
 Alistair's Intoxication  Tmut/Pois      9%         N/A       71%         5
 Ozocubu's Refrigeration  Ice            4%         4d8       100%        7


Dungeon Overview and Level Annotations

Branches:
Dungeon (8/15)             Temple (1/1) D:5          Bailey (1/1)
   Lair: D:8-11

Altars:
Ashenzari
Cheibriados
Gozag
Hepliaklqana
Makhleb
Nemelex Xobeh
Okawaru
Qazlal
Ru
Sif Muna
Trog
Vehumet
Xom
Yredelemnul
Zin
The Shining One

Annotations:
D:5 3 runed translucent doors, Bizboz's ghost, novice DjVM


Innate Abilities, Weirdness & Mutations

You cannot be hasted, slowed, berserked, paralysed or teleported.
You can dig through walls and to a lower floor.
You have a pair of large antennae on your head. (SInv)
Your four strong arms can wield two-handed weapons with a shield.


Message History

The bolt of electricity hits you!
The electric eel shoots out a bolt of lightning at you!
The bolt of electricity hits you!
The electric eel shoots out a bolt of lightning at you!
The bolt of electricity hits you!!
* * * LOW HITPOINT WARNING * * *
The electric eel shoots out a bolt of lightning at you!
The bolt of electricity hits you!
* * * LOW HITPOINT WARNING * * *
Okay, then.
Okay, then.
Okay, then.
Casting: Sandblast (safe; 1% risk of failure)
Confirm with . or Enter, or press ? or * to list all spells.
You can't see any susceptible monsters within range! (Use Z to cast anyway.) Unknown command.
Aiming: Sandblast (safe; 1% risk of failure)
Press: ? - help, Q - select action, (/) - cycle Shift-Dir - straight line, f - you
Okay, then.
Okay, then.
Okay, then.
You feel better.
Aiming: Sandblast (safe; 1% risk of failure)
Press: ? - help, Q - select action, (/) - cycle Shift-Dir - straight line, f - electric eel
Aim: an electric eel (water, 76% to hit)
The blast of sand hits the electric eel!
You kill the electric eel!
Cheibriados appreciates the change of pace.
You hear a splash.
The electric eel shoots out a bolt of lightning at you!
The bolt of electricity hits you!
* * * LOW HITPOINT WARNING * * *
Unknown command.
Aiming: Sandblast (safe; 1% risk of failure)
Press: ? - help, Q - select action, (/) - cycle Shift-Dir - straight line, f - you
Okay, then.
You feel better.
The electric eel shoots out a bolt of lightning at you!
The bolt of electricity hits you!
You die...

...≈≈≈≈~.#.....# #.~≈
...≈≈≈≈~.#''##### #.~≈
##.≈≈≈≈~.#...)..# #.~≈
#≈≈≈≈≈~.#...)..# #.~≈
#≈≈≈≈≈######...##############.#
#≈≈≈≈≈# #.8.8)8.)..)..#....#
#≈≈≈≈≈#{ #....)..#.....'..))#
###############..#'#
+...@.........'..#.#
#~~~~~~~~~~~~~######
≈≈≈≈≈≈≈≈≈≈≈≈≈≈≈≈≈≈≈≈≈
≈≈≈≈≈≈≈≈≈≈≈≈≈≈≈≈≈≈≈≈≈≈
≈≈≈≈≈≈≈≈≈≈≈≈≈≈≈≈≈≈≈≈≈≈≈
≈≈≈≈≈≈S≈≈≈≈≈≈≈≈≈≈≈≈≈≈≈≈
≈≈≈≈≈≈≈≈≈≈≈≈≈≈≈≈≈≈≈≈≈≈≈
≈≈≈≈≈≈≈≈≈≈≈≈≈≈≈≈≈≈≈≈≈≈≈ ≈


You could see an electric eel.

Vanquished Creatures
  3 orc knights (Bailey)
  A manticore (D:7)
  Grinder (D:5)
  Sigmund (D:2)
  6 orc warriors
  A black bear (D:6)
  2 sky beasts (D:7)
  2 ice beasts
  2 centaurs
  An ogre (D:4)
  3 kobold brigands
  A bullfrog (D:7)
  2 scorpions
  A howler monkey (D:6)
  5 electric eels (Bailey)
  2 orc priests (D:6)
  6 hounds
  2 gnoll boudas
  A jelly (D:4)
  6 orc wizards
  A sleepcap (Temple)
  Terence (D:2)
  4 iguanas
  35 gnolls
  12 adders
  8 ufetubi
  3 worms (D:2)
  3 dart slugs
  27 orcs
  10 ball pythons
  2 bats
  14 endoplasms
  3 giant cockroaches
  21 goblins
  15 hobgoblins
  53 kobolds
  3 quokkas
  4 frilled lizards
  2 rats (D:3)
270 creatures vanquished.

Vanquished Creatures (collateral kills)
  A boulder (D:6)
1 creature vanquished.

Vanquished Creatures (others)
  A boulder (D:6)
1 creature vanquished.

Grand Total: 272 creatures vanquished

Notes
Turn   | Place    | Note
-------+----------+-------------------------------------------
     0 | D:1      | Bnni the Formicid Earth Elementalist began the quest for
                  | the Orb.
     0 | D:1      | Reached XP level 1. HP: 13/13 MP: 3/3
   166 | D:1      | Reached XP level 2. HP: 20/20 MP: 1/5
   194 | D:1      | Reached skill level 4 in Earth Magic
   628 | D:1      | Reached skill level 1 in Fighting
   628 | D:1      | Reached XP level 3. HP: 26/26 MP: 4/6
  1194 | D:2      | Reached XP level 4. HP: 30/32 MP: 4/8
  1250 | D:2      | Learned a level 2 spell: Passwall
  1254 | D:2      | Learned a level 3 spell: Stone Arrow
  1362 | D:2      | Noticed Terence
  1371 | D:2      | Killed Terence
  1492 | D:2      | Reached XP level 5. HP: 32/38 MP: 3/9
  1724 | D:2      | Identified the +7 chain mail of Ru's Approval {*Corrode
                  | +Blink rF++ Dex+3}
  1902 | D:2      | Reached skill level 5 in Earth Magic
  2076 | D:2      | Noticed Sigmund
  2085 | D:2      | Killed Sigmund
  2086 | D:2      | Reached skill level 1 in Conjurations
  2086 | D:2      | Reached XP level 6. HP: 39/46 MP: 3/11
  2206 | D:3      | Reached skill level 6 in Earth Magic
  2322 | D:3      | Got the Grimoire of the Cure and Cold
  2563 | D:3      | Found a stormy altar of Qazlal.
  2594 | D:3      | Reached XP level 7. HP: 50/51 MP: 12/12
  2892 | D:3      | Found a glowing silver altar of Zin.
  3942 | D:3      | Reached skill level 7 in Earth Magic
  4120 | D:3      | Reached XP level 8. HP: 60/60 MP: 12/14
  4466 | D:4      | HP: 3/60 [gnoll/+0 halberd[a gnoll bouda] (12)]
  4925 | D:4      | Learned a level 4 spell: Brom's Barrelling Boulder
  4931 | D:4      | Learned a level 5 spell: Borgnjor's Vile Clutch
  4941 | D:4      | Reached skill level 1 in Necromancy
  5139 | D:4      | Reached skill level 8 in Earth Magic
  5414 | D:5      | Entered Level 5 of the Dungeon
  5414 | D:5      | Noticed Grinder
  5419 | D:5      | Killed Grinder
  5426 | D:5      | Reached skill level 5 in Spellcasting
  5426 | D:5      | Reached XP level 9. HP: 47/66 MP: 7/16
  5507 | D:5      | Found a staircase to the Ecumenical Temple.
  5516 | D:5      | Found a runed translucent gate.
  5527 | Temple   | Entered the Ecumenical Temple
  5549 | Temple   | Became a worshipper of Cheibriados the Contemplative
  5828 | D:5      | Found a shimmering blue altar of Sif Muna.
  5839 | D:5      | Reached skill level 5 in Fighting
  5876 | D:5      | Reached skill level 9 in Earth Magic
  5876 | D:5      | Reached skill level 1 in Invocations
  6123 | D:5      | Reached * piety under Cheibriados
  6228 | D:5      | Found a runed translucent gate.
  6330 | D:5      | Found a runed translucent gate.
  6330 | D:5      | Noticed Bizboz's ghost (novice DjVM)
  7054 | D:6      | Found a radiant altar of Vehumet.
  7124 | D:6      | Found an iron altar of Okawaru.
  7366 | D:6      | Reached ** piety under Cheibriados
  7681 | D:7      | Found a burning altar of Makhleb.
  8004 | D:7      | Noticed a manticore
  8011 | D:7      | Killed a manticore
  8012 | D:7      | Reached skill level 5 in Necromancy
  8012 | D:7      | Reached skill level 10 in Earth Magic
  8012 | D:7      | Reached XP level 10. HP: 76/76 MP: 13/19
  8525 | D:8      | Found a flagged portal.
  8539 | Bailey   | Entered a bailey
  8545 | Bailey   | Learned a level 4 spell: Petrify
  8565 | Bailey   | Reached *** piety under Cheibriados
  8837 | Bailey   | Noticed an orc knight
  8852 | Bailey   | Killed an orc knight
  8853 | Bailey   | Reached skill level 1 in Armour
  9290 | Bailey   | Noticed an orc knight
  9297 | Bailey   | Killed an orc knight
  9378 | Bailey   | Acquired a staff of earth
  9703 | Bailey   | Noticed an orc knight
  9708 | Bailey   | Killed an orc knight
  9709 | Bailey   | Reached skill level 11 in Earth Magic
  9840 | Bailey   | Killed from afar by an electric eel

Illustrated notes

Levels and vault maps discovered:
D:1:      amcnicky_arrival_underground_garden, layout_basic
D:2:      layout_basic, minmay_vboxes, uniq_terence, uniq_sigmund
D:3:      minmay_goblin_kobold_castle, layout_loops_ring,
          nicolae_qazlal_general_emergency, zin_scriptorium,
          minmay_fractal_squares_diagonal_5
D:4:      layout_basic, serial_curves, eino_curves_04, eino_curves_01,
          chequers_jeans, dreamdust_gnoll_farm
D:5:      layout_loops_cross, led_sif_book, minmay_temple_entry_sparse_star,
          ebering_ghost_rock_garden, chequers_serial_rivers_micro_b,
          uniq_grinder
D:6:      layout_basic, vehumet_altar_wand_db, amcnicky_altar_gilded
D:7:      layout_loops_ring, bloody_makhleb
D:8:      layout_loops_ring, mainiacjoe_overflow_tiny_flanked, enter_bailey_3,
          serial_shops, nicolae_shop_tiny_glass, nicolae_custom_books,
          minmay_misc_feat_chi
Temple:   eino_wide_crystal_templ
Bailey:   bailey_axe_of_yendor_kennysheep, bailey

Skill      XL: |  1  2  3  4  5  6  7  8  9 10 |
---------------+-------------------------------+-----
Earth Magic    | 4 5 6 7 8 10 11 | 11.1
Fighting       | 1 2 3 4 5 6 |  6.7
Transmutations | 2 |  2.0
Spellcasting   | 3 4 5 6 |  6.6
Conjurations   | 1 2 3 |  3.0
Necromancy     | 3 5 6 |  6.7
Invocations    | 3 4 |  4.6
Armour         | 2 |  2.2
Dodging        | |  1.7
Stealth        | |  2.4

Action                     |  1- 3 |  4- 6 |  7- 9 | 10-12 || total
---------------------------+-------+-------+-------+-------++-------
  Melee: Dagger            |    18 |       |    89 |    41 ||   148
         Halberd           |       |    16 |    12 |       ||    28
         Punch             |       |       |     4 |     2 ||     6
         Staff             |       |       |       |     2 ||     2
  Throw: Dart              |       |       |     1 |     2 ||     3
         Throwing net      |       |       |       |     3 ||     3
   Cast: Sandblast         |    40 |    56 |   201 |    46 ||   343
         Stone Arrow       |       |       |     5 |    15 ||    20
         Brom's Barrelling |       |       |     3 |       ||     3
         Borgnjor's Vile C |       |       |       |     4 ||     4
Ability: Dig               |       |       |     1 |       ||     1
    Use: Scroll            |       |       |     8 |     4 ||    12
         Potion            |       |       |       |     4 ||     4
   Stab: Sleeping          |     1 |       |     3 |       ||     4
         Distracted        |       |     2 |       |       ||     2
         Held in net/web   |       |       |       |     2 ||     2
 Armour: Robe              |    17 |    35 |   178 |    27 ||   257
         Chain mail        |       |       |       |    39 ||    39
         Plate armour      |       |       |       |     8 ||     8
  Dodge: Dodged            |    19 |    43 |   175 |    33 ||   270

Table legend: (Time is in decaauts)
 A = Elapsed time spent in this place.
 B = Non-inter-level travel time spent in this place.
 C = Inter-level travel time spent in this place.
 D = Time resting spent in this place.
 E = Time spent auto-exploring this place.
 F = Levels seen in this place.
 G = Mean time per level.
                   A        B        C        D        E       F      G
               +--------+--------+--------+--------+--------+-----+--------+
         Total |  10873 |  10620 |    253 |   1844 |   6745 |  10 | 1087.3 |
       Dungeon |   9237 |   9032 |    205 |    771 |   6745 |   8 | 1154.6 |
        Temple |    196 |    149 |     47 |    126 |      0 |   1 |  196.0 |
        Bailey |   1439 |   1439 |      0 |    947 |      0 |   1 | 1439.0 |
               +--------+--------+--------+--------+--------+-----+--------+

Top non-repeatable levels by time:
     D:3: 2198 daAuts
  Bailey: 1439 daAuts
     D:6: 1316 daAuts
     D:2: 1274 daAuts
     D:5: 1244 daAuts
     D:4: 1112 daAuts
     D:7: 1095 daAuts
     D:1: 943 daAuts
  Temple: 196 daAuts
     D:8: 51 daAuts
